 Dungeon Crawl Stone Soup version 0.13.1 (webtiles) character file.

171 Lilouch the Cutter (level 5, -3/32 HPs)
             Began as a Kobold Chaos Knight on Nov 29, 2013.
             Was a Plaything of Xom.
             Slain by an orc
             ... wielding a +0,+3 orcish spear
              (9 damage)
             ... on Level 3 of the Dungeon.
             The game lasted 00:08:43 (1912 turns).

Lilouch the Cutter (Kobold Chaos Knight)            Turns: 1912, Time: 00:08:43

HP  -3/32        AC  6     Str 12      XL: 5   Next:  6%
MP   5/5         EV 14     Int 10      God: Xom
Gold 68          SH  0     Dex 15      Spells:  0 memorised,  4 levels left

Res.Fire  : . . .   See Invis. : .   a - +0 short sword (chaos)
Res.Cold  : . . .   Warding    : .   b - +2 leather armour
Life Prot.: . . .   Conserve   : .   (no shield)
Res.Poison: .       Res.Corr.  : .   (no helmet)
Res.Elec. : .       Clarity    : .   (no cloak)
Sust.Abil.: . .     Spirit.Shd : .   (no gloves)
Res.Mut.  : .       Stasis     : .   k - +0 pair of boots (curse)
Res.Rott. : .       Flight     : .   (no amulet)
Saprovore : + + .                    (no ring)
                                     (no ring)

@: slightly resistant to hostile enchantments, stealthy
A: disease resistance, carnivore 3, saprovore 2
a: Renounce Religion


You were on level 3 of the Dungeon.
You worshipped Xom.
You were a toy of Xom.
You were full.

You visited 1 branch of the dungeon, and saw 3 of its levels.

You collected 48 gold pieces.

Inventory:

Hand weapons
 a - a +0,+0 short sword of chaos (weapon)
 l - a +0,+0 orcish dagger (quivered)
Armour
 b - a +2 leather armour (worn)
 k - a cursed +0 pair of boots (worn)
 t - a cursed +0 chain mail
Comestibles
 c - 3 meat rations
Scrolls
 d - 4 scrolls of identify {unknown}
 g - 2 scrolls of random uselessness {unknown}
 i - 3 scrolls of fear {unknown}
 m - 2 scrolls of remove curse {unknown}
 o - a scroll of enchant weapon II {unknown}
 q - a scroll of teleportation {unknown}
Jewellery
 j - a cursed ring of hunger {unknown}
Potions
 e - a potion of curing {unknown}
 f - 2 potions of slowing {unknown}
 h - a potion of heal wounds {unknown}


   Skills:
 - Level 3.2 Fighting
 + Level 4.5 Short Blades
 + Level 1.4 Armour
 + Level 3.3 Dodging
 * Level 4.3 Stealth


You had 4 spell levels left.
You didn't know any spells.

Dungeon Overview and Level Annotations

Branches:
Dungeon (3/27)

Altars:

Annotations:
Abyss:1 Terence


Innate Abilities, Weirdness & Mutations

You recuperate from illness quickly.
You are small and have problems with some larger weapons.
You are carnivorous and can eat meat at any time.
You can eat rotten meat.


Message History

The orc misses you. The orc hits you with an orcish spear!
You see here an orcish spear.
You hit the orc.
The orc is poisoned.
The orc is heavily wounded.
The orc hits you with an orcish spear!
The orc rages.
The orc hits you with an orcish spear.
Your skin feels tender.
The orc hits you but does no damage.
The orc looks more healthy.
The orc hits you with an orcish spear.
* * * LOW HITPOINT WARNING * * *
The orc hits you but does no damage. The orc closely misses you.
The orc barely misses you. The orc hits you with an orcish spear.
* * * LOW HITPOINT WARNING * * *
The orc hits you with an orcish spear!
You die...

###########
#.o.......#
#@.....!..#
#......>..#
#.........#
#......(..#.#
#.........#.#
#...........#
#.........###
#...<....<#
#.........#


You could see an orc (berserk).

Vanquished Creatures
  2 adders (D:2)
  3 gnolls (D:2)
  A worm (D:2)
  2 orcs (D:3)
  4 giant cockroaches (D:1)
  7 goblins
  3 hobgoblins (D:1)
  3 jackals (D:2)
  A quokka (D:3)
  5 bats
  2 giant newts
  3 kobolds (D:1)
  10 rats
46 creatures vanquished.

Notes
Turn   | Place    | Note
--------------------------------------------------------------
     0 | D:1      | Lilouch, the Kobold Chaos Knight, began the quest for the Orb.
     0 | D:1      | Reached XP level 1. HP: 12/12 MP: 1/1
   110 | D:1      | XOM: potion effect (might)
   153 | D:1      | Reached skill level 1 in Stealth
   187 | D:1      | Reached XP level 2. HP: 17/17 MP: 2/2
   363 | D:1      | Reached skill level 1 in Armour
   712 | D:1      | Reached XP level 3. HP: 19/22 MP: 3/3
   718 | D:1      | XOM: silly message
   833 | D:2      | XOM: divination: detect items
   994 | D:2      | Reached XP level 4. HP: 25/27 MP: 4/4
  1062 | D:2      | Noticed Terence
  1071 | D:2      | Banished Terence
  1169 | D:2      | XOM: noise
  1295 | D:2      | XOM: cast spell 'Ring of Flames'
  1769 | D:2      | Reached XP level 5. HP: 32/32 MP: 5/5
  1888 | D:3      | XOM: cast spell 'Stoneskin'
  1912 | D:3      | Slain by an orc

Action                   |  1- 3 |  4- 6 || total
-------------------------+-------+-------++-------
Melee: Short sword       |    83 |    60 ||   143
 Stab: Sleeping          |     2 |     1 ||     3
